 Dungeon Crawl Stone Soup version 0.27.1 (webtiles) character file.

Game seed: 3128497452373578476

158 Malachi the Changer (level 5, -7/33 HPs)
             Began as an Octopode Transmuter on Aug 26, 2021.
             Mangled by a bullfrog (8 damage)
             ... in a sewer.
             The game lasted 00:03:56 (3942 turns).

Malachi the Changer (Octopode Transmuter)           Turns: 3942, Time: 00:03:57

Health: -7/33      AC:  1    Str:  9    XL:     5   Next: 39%
Magic:  7/8        EV: 10    Int: 17    God:
Gold:   91         SH:  0    Dex: 12    Spells: 4/8 levels left

rFire    . . .     SeeInvis .     - Unarmed
rCold    . . .     Faith    .   (no shield)
rNeg     . . .     Spirit   .   (helmet restricted)
rPois    .         Reflect  .   (no amulet)
rElec    .         Harm     .   (no ring)
rCorr    .         Rampage  .   (no ring)
Will     .....                  (no ring)
Stlth    +++.......             (no ring)
HPRegen  0.11/turn              (no ring)
MPRegen  0.11/turn              (no ring)
                                (no ring)
                                (no ring)

@: lethally poisoned (-7 -> -9), hasted, constricted, very quick
A: almost no armour, amphibious, 8 rings, camouflage 1, gelatinous body 1,
nimble swimmer 1, tentacles
a: no special abilities


You were in a sewer.
You visited 1 branch of the dungeon, and saw 4 of its levels.
You also visited: Sewer.

You collected 91 gold pieces.

Inventory:

Jewellery
 b - a ring of ice
 d - an amulet of the acrobat
Scrolls
 e - a scroll of immolation
 h - 3 scrolls of torment
 k - a scroll of identify {unknown}
Potions
 i - a potion of might {unknown}
 j - a potion of degeneration {unknown}


   Skills:
 - Level 1.0 Fighting
 - Level 2.0 Dodging
 - Level 3.0 Unarmed Combat
 - Level 2.0 Spellcasting
 * Level 4.0 Transmutations
 * Level 4.0 Poison Magic


You had 4 spell levels left.
You knew the following spells:

 Your Spells              Type           Power      Damage    Failure   Level
a - Beastly Appendage     Tmut           30%        N/A       3%          1
b - Spider Form           Tmut/Pois      7%         N/A       11%         3

Your spell library contained the following spells:

 Spells                   Type           Power      Damage    Failure   Level
 Wereblood                Tmut           15%        N/A       5%          2
 Ice Form                 Ice/Tmut       8%         N/A       63%         4


Dungeon Overview and Level Annotations

Branches:
Dungeon (4/15)              Sewer (1/1)
 Temple: D:4-7

Altars:
The Shining One


Innate Abilities, Weirdness & Mutations

You cannot wear most types of armour.
You are amphibious.
You can wear up to eight rings at the same time.
Your skin changes colour to match your surroundings (Stealth+).
Your rubbery body absorbs attacks. (AC +1, EV +1)
You are camouflaged near water. (Stealth+)
You have tentacles for arms and can constrict up to eight enemies at once.


Message History

You are no longer poisoned.
The bullfrog closely misses you. The bullfrog barely misses you.
You enter the shallow water.
Moving in this stuff is going to be slow.
The bullfrog hits you.
* * * LOW HITPOINT WARNING * * *
The bullfrog swells and bulges.
The bullfrog misses you. The adder completely misses you.
The bullfrog closely misses you. The adder bites you.
* * * LOW HITPOINT WARNING * * *
You are lethally poisoned!
The adder poisons you! The bullfrog barely misses you.
Unknown command.
Okay, then.
It was a potion of curing.
You feel better.
Your transformation has ended.
The bullfrog closely misses you. The adder closely misses you.
The bullfrog hits you. The bullfrog completely misses you.
As you read the scroll labelled DOLUTE VYB TACEH, it crumbles to dust.
You feel aware of your surroundings.
It was a scroll of magic mapping.
The bullfrog barely misses you. The bullfrog misses you. The adder bites you.
You are poisoned.
The adder poisons you! The bullfrog misses you.
As you read the scroll labelled CALIOS IPIEN, it crumbles to dust.
You hear a loud clanging noise!
It was a scroll of noise.
You feel sick.
You hear an angry hiss.
The bullfrog barely misses you. The ball python bites you.
* * * LOW HITPOINT WARNING * * *
The ball python grabs you. The ball python constricts you.
* * * LOW HITPOINT WARNING * * *
The adder completely misses you. The bullfrog hits you.
* * * LOW HITPOINT WARNING * * *
The bullfrog hits you.
* * * LOW HITPOINT WARNING * * *
It was a potion of haste.
You feel yourself speed up.
* * * LOW HITPOINT WARNING * * *
You feel sick. The bullfrog hits you!
You die...

###≈†≈≈≈≈≈###
##≈.≈≈.≈≈≈≈≈≈##
##≈≈≈≈≈≈..≈≈≈≈≈####*
##≈≈≈≈≈#####≈≈≈.≈##∩##
#≈.≈≈###≈≈≈###≈≈.≈#≈≈#
#≈††##≈≈≈≈≈≈≈##≈≈≈#†.##
##≈≈##≈≈≈≈≈≈≈≈≈##≈≈##..#
#≈.≈#≈≈≈≈≈.≈†SF.#≈.≈#.∩#
#≈.##.≈≈#####@Sr##≈≈#≈.#
##≈≈#≈≈≈##≈≈≈##F≈B#≈≈##.##
#≈≈≈#≈≈##≈≈,≈≈##r≈#≈†≈#≈.#
#≈≈##≈.#≈≈,≈≈≈≈#.≈###.#.≈#
#≈≈#≈≈##≈≈≈,≈≈≈##J≈≈#≈#≈.#
#.≈#≈≈#≈≈≈≈≈,≈≈≈#≈≈∩#.#†≈#
#≈≈#≈†#≈≈≈J,≈≈≈≈#.≈≈#≈#≈≈#
#≈≈#≈≈#≈≈≈$.≈,≈≈#≈≈##≈#.≈#
#≈≈#≈.#≈≈.(rr≈≈≈#J.#.≈#≈≈#


You could see 2 bullfrogs, an adder, an endoplasm, 2 quokkas, a giant cockroach
and a ball python.

Vanquished Creatures
  A hound skeleton (D:4)
  6 adders
  A worm (D:2)
  A dart slug (D:4)
  An orc (D:4)
  9 endoplasms
  9 giant cockroaches
  2 goblins (D:2)
  6 hobgoblins
  14 quokkas
  12 ball pythons
  3 bats
  9 frilled lizards
  3 kobolds (D:1)
77 creatures vanquished.

Notes
Turn   | Place    | Note
-------+----------+-------------------------------------------
     0 | D:1      | Malachi the Octopode Transmuter began the quest for the
                  | Orb.
     0 | D:1      | Reached XP level 1. HP: 13/13 MP: 3/3
    64 | D:1      | Reached skill level 1 in Poison Magic
   334 | D:1      | Reached XP level 2. HP: 18/18 MP: 3/5
   707 | D:1      | Found a faded altar of an unknown god.
   868 | D:2      | Reached XP level 3. HP: 8/23 MP: 4/6
  1127 | D:2      | Learned a level 3 spell: Spider Form
  1925 | D:3      | Found a glowing golden altar of the Shining One.
  2081 | D:3      | Reached XP level 4. HP: 28/28 MP: 5/7
  2616 | D:4      | Found a glowing drain.
  2639 | D:4      | Noticed a black bear
  2667 | Sewer    | Entered a sewer
  3011 | Sewer    | Reached XP level 5. HP: 13/33 MP: 8/8
  3941 | Sewer    | HP: 1/33 [bullfrog (2)]
  3942 | Sewer    | Mangled by a bullfrog

Illustrated notes

Levels and vault maps discovered:
D:1:      lemuel_arrival_cross, layout_basic,
          shapermc_ecumenical_altar_mp_urbaneastern
D:2:      layout_loops_cross
D:3:      cheibrodos_thug_alley, layout_basic, mainiacjoe_overflow_catwalk,
          st_stairs_14, kennysheep_donut, minmay_joined_circles
D:4:      layout_loops_ring, portal_sewer_entry_f, minmay_misc_feat_alley,
          serial_bayou_pond_e, minmay_misc_feat_x
Sewer:    sewer_frog_island_02

Skill      XL: |  1  2  3  4  5 |
---------------+----------------+-----
Poison Magic   | 1 2 3 4 |  4.0
Transmutations | 3 4 |  4.0
Fighting       | |  1.0
Dodging        | |  2.0
Unarmed Combat | |  3.0
Spellcasting   | |  2.0

Action                   |  1- 3 |  4- 6 || total
-------------------------+-------+-------++-------
Melee: Unarmed           |    56 |   131 ||   187
       Constrict         |    18 |    28 ||    46
       Tentacles         |     4 |     9 ||    13
       Punch             |     1 |     2 ||     3
       Kick              |    11 |    19 ||    30
 Cast: Beastly Appendage |    18 |    14 ||    32
       Spider Form       |       |     1 ||     1
  Use: Scroll            |     2 |     2 ||     4
       Potion            |       |     2 ||     2
 Stab: Sleeping          |     2 |     6 ||     8
Armor: Skin              |     7 |     9 ||    16
Dodge: Dodged            |    29 |   101 ||   130
